 Dungeon Crawl Stone Soup version 0.21.1-1-g345015fe64 (webtiles) character file.

53 Ivernyr the Bolt Thrower (level 3, 32/32 HPs)
             Began as a Deep Dwarf Arcane Marksman on May 31, 2018.
             Quit the game on level 2 of the Dungeon.
             The game lasted 00:02:53 (794 turns).

Ivernyr the Bolt Thrower (DDAM)                      Turns: 794, Time: 00:02:53

Health: 32/32      AC:  8    Str: 13    XL:     3   Next: 64%
Magic:  2/2        EV: 11    Int: 13    God:
Gold:   86         SH:  0    Dex: 14    Spells: 3/4 levels left

rFire    . . .     SeeInvis .   h - +0 club
rCold    . . .     Gourm    .   (no shield)
rNeg     . . .     Faith    .   e - +0 ring mail
rPois    .         Spirit   .   (no helmet)
rElec    .         Reflect  .   (no cloak)
rCorr    .         Harm     .   g - +2 pair of gloves
MR       .....                  (no boots)
Stlth    +.........             (no amulet)
HPRegen  0.00/turn              (no ring)
MPRegen  0.08/turn              (no ring)

@: non-regenerating
A: damage resistance, heal wounds, sense surroundings 1, no regeneration
a: Heal Wounds


You were on level 2 of the Dungeon.
You were not hungry.

You visited 1 branch of the dungeon, and saw 2 of its levels.

You collected 86 gold pieces.

Inventory:

Hand Weapons
 a - a +0 hand crossbow
 h - a +0 club (weapon)
Missiles
 d - 47 bolts
Armour
 e - a +0 ring mail (worn)
 g - a +2 pair of gloves (worn)
Scrolls
 i - 4 scrolls of identify {unknown}
 k - a scroll of immolation {unknown}
 m - a scroll of enchant weapon {unknown}
Potions
 b - 2 potions of resistance {unknown}
 j - a potion of haste {unknown}
 l - 2 potions of might {unknown}
Books
 c - a book of Debilitation

   Spells                             Type                      Level
   a - Corona                         Hexes                        1
   b - Slow                           Hexes                        2
   c - Inner Flame                    Hexes/Fire                   3
   d - Portal Projectile              Hexes/Translocation          3
   e - Cause Fear                     Hexes                        4
   f - Leda's Liquefaction            Hexes/Earth                  4
Comestibles
 f - 4 rations


   Skills:
 + Level 1.6 Fighting
 * Level 3.5 Crossbows
 + Level 1.5 Armour
 - Level 2.1 Dodging
 - Level 1.0 Spellcasting
 - Level 2.4 Hexes


You had 3 spell levels left.
You knew the following spells:

 Your Spells              Type           Power        Failure   Level  Hunger
a - Corona                Hex            #......      22%         1    ##.....


Dungeon Overview and Level Annotations

Branches:
Dungeon (2/15)

Altars:


Innate Abilities, Weirdness & Mutations

You are resistant to damage.
You can heal yourself by infusing magical energy.
You passively map a small area around you.
You do not regenerate.


Message History

Natasha closely misses you.
Natasha stares at you and mumbles some strange words.
The magic dart hits you!
You hit Natasha.
Natasha is almost dead.
Natasha mumbles some strange words.
You barely miss Natasha.
Natasha is almost dead.
Natasha claws you!
* * * LOW HITPOINT WARNING * * *
You hit Natasha.
You kill Natasha!
Natasha screams in fury as she dies!
The white imp disappears in a puff of smoke!
You see here the felid corpse of Natasha.
You see here a scale mail.
You feel much better.
Your magical essence is drained by the effort!
You feel much better.
Are you sure you want to abandon this character and quit the game? (Confirm with "yes".)

#.#.# * * , #.#.#
##....###. #.#.# #
#........ , #.#.##
.#........ *
#....######
.......
..........# #....#
** * #....####.#
##.#.# ###.##
##.####....#####.#
* #.#
#....†[..@.......#
, #.#
#.#####...########
* #.# #.# ##.## *
#.####.#### #.#
#.........#*#.# ,
######.#...##.#*
......##..
........#. * ,
#..<##.#.# ,


There were no monsters in sight!

Vanquished Creatures
  Natasha (D:2)
  2 leopard geckos (D:1)
  A ball python (D:1)
  2 giant cockroaches (D:1)
  4 goblins (D:1)
  A hobgoblin (D:1)
  3 kobolds (D:1)
  5 bats (D:1)
  3 frilled lizards (D:1)
  5 rats
27 creatures vanquished.

Notes
Turn   | Place    | Note
-------+----------+-------------------------------------------
     0 | D:1      | Ivernyr the Deep Dwarf Arcane Marksman began the quest for the Orb.
     0 | D:1      | Reached XP level 1. HP: 16/16 MP: 2/2
    76 | D:1      | Reached skill level 1 in Fighting
   175 | D:1      | Reached XP level 2. HP: 17/25 MP: 3/3
   314 | D:1      | Reached skill level 1 in Armour
   434 | D:1      | Reached skill level 3 in Crossbows
   654 | D:1      | Reached XP level 3. HP: 15/31 MP: 4/4
   760 | D:2      | Noticed Natasha
   784 | D:2      | Killed Natasha
   794 | D:2      | Quit the game

Skill      XL: |  1  2 |
---------------+-------+-----
Fighting       | 1 |  1.6
Armour         | 1 |  1.5
Crossbows      | 3 |  3.5
Dodging        | |  2.1
Spellcasting   | |  1.0
Hexes          | |  2.4

Action                   || total
-------------------------++-------
Melee: Club              ||   113
       Unarmed           ||    17
 Abil: Heal Wounds       ||     4
Armor: Robe              ||     8
       Ring mail         ||    52
Dodge: Dodged            ||   103
